AoeStats
← Casper

Arabia

505353667Analyzed
1v1 RM · 24d ago on Sep 9, 2026· 47m 19s· 2 players
Game mode
Random Map
Map size
Tiny (2 player)
Population
200
Speed
Normal
Resources
Standard
Victory
Conquest
Starting age
Dark Age
Ending age
Imperial Age
RankedLock teamsTeams togetherTeam positionsShared explorationLock speedFull tech treeHidden civsTurbo modeCheats
Victory
Defeat
🇨🇱 Chinese · Chile
1315
+17
🇺🇸 Jurchens · United States
1326
-17
ddiego
0:29 Loom
8:33 Feudal Age
9:02 Double-Bit Axe
16:36 Fletching
17:02 Padded Archer Armor
21:18 Castle Age
19:23 Horse Collar
20:30 Gold Mining
23:03 Wheelbarrow
22:43 Bodkin Arrow
23:03 Elite Skirmisher
24:11 Bow Saw
28:40 Scale Barding Armor
28:55 Hand Cart
28:35 Elite Skirmisher
29:47 Ballistics
29:49 Town Watch
30:35 Light Cavalry
31:26 Bloodlines
31:17 Husbandry
31:43 Chain Barding Armor
32:57 Forging
33:31 Thumb Ring
37:27 Imperial Age
35:55 Heavy Plow
37:30 Iron Casting
37:12 Leather Archer Armor
38:04 Town Patrol
38:48 Plate Barding Armor
39:15 Chemistry
38:18 Bracer
39:12 Block Printing
39:23 Illumination
40:54 Blast Furnace
39:40 Crossbowman
41:30 Arbalester
43:49 Two-Man Saw
44:43 Conscription
46:26 Ring Archer Armor
Casper
6:58 Loom
7:02 Loom
9:32 Feudal Age
10:49 Double-Bit Axe
17:20 Fletching
23:41 Castle Age
22:13 Gold Mining
22:05 Horse Collar
23:54 Padded Archer Armor
24:47 Bow Saw
25:19 Wheelbarrow
25:10 Heavy Plow
25:16 Town Watch
28:50 Squires
30:27 Husbandry
33:43 Bloodlines
33:31 Bodkin Arrow
35:13 Leather Archer Armor
35:25 Scale Mail Armor
39:40 Imperial Age
38:01 Forging
38:01 Scale Barding Armor
38:25 Ballistics
38:08 Stone Mining
39:46 Iron Casting
40:34 Elite Steppe Lancer
42:24 Gold Shaft Mining
42:03 Capped Ram
43:47 Bracer
43:36 Heavy Rocket Cart
45:04 Treadmill Crane
45:34 Fortified Wall
Connection lost

Rejoining the realm…

Still unreachable

The connection could not be restored.

Session expired

The server has moved on; the page needs a fresh start.